 Dungeon Crawl Stone Soup version 0.31-a0-325-g067879e3d3 (webtiles) character file.

Game seed: 14074283520544114078

12998 LustLizard the Grappler (level 12, -5/88 HPs)
             Began as an Octopode Shapeshifter on July 18, 2023.
             Was a Believer of Uskayaw.
             Slain by an orc warrior
             ... wielding a +0 glaive
              (13 damage)
             ... in a bailey.
             The game lasted 00:20:07 (12440 turns).

LustLizard the Grappler (Octopode Shapeshifter)    Turns: 12440, Time: 00:20:08

Health: -5/88      AC:  8    Str: 29    XL:     12   Next: 1%
Magic:  18/18      EV: 11    Int: 12    God:    Uskayaw [**....]
Gold:   480        SH:  0    Dex: 15    Spells: 11/11 levels left

rFire   . .          .
                       - Unarmed
rCold   + . .        (shield currently unavailable)
rNeg    . . .        (helmet currently unavailable)
rPois   .            I - amulet of faith
rElec   .            v - ring of protection from cold
rCorr   .            x - +4 ring of slaying
SInv    .            H - +6 ring of strength
Will    .....        F - ring of Ubol {Wiz Dex+3}
Stlth   +            (no ring)
HPRegen 0.34/turn    (no ring)
MPRegen 0.16/turn    (no ring)
                     (no ring)

%: faith, wizardry (x1)
@: snake-form
A: constrict, almost no armour, amphibious, 8 rings, large, (camouflage 1),
(gelatinous body 1), (nimble swimmer 1), (tentacles)
a: Begin Untransformation, Renounce Religion, Stomp, Line Pass


You were in a bailey.
You worshipped Uskayaw.
Uskayaw was aware of your devotion.
You were an enormous anaconda.
You visited 2 branches of the dungeon, and saw 11 of its levels.
You also visited: Bailey.

You collected 522 gold pieces.
You spent 42 gold pieces at shops.

Inventory:

Missiles
 r - 2 datura-tipped darts
Armour
 c - a +1 hat
Jewellery
 v - a ring of protection from cold (left tentacle)
 x - a +4 ring of slaying (right tentacle)
 z - a ring of fire
 D - an amulet of magic regeneration
 F - the ring of Ubol (on tentacle) {Wiz Dex+3}
   (You found it on level 10 of the Dungeon)

   [ring of wizardry]

   It improves your spell success rate.
   Dex:       It affects your dexterity (+3).
 H - a +6 ring of strength (on tentacle)
 I - an amulet of faith (around neck)
Talismans
 b - a beast talisman
 i - a serpent talisman
 n - a talisman of death
Wands
 e - a wand of flame (5)
 p - a wand of mindburst (11)
 B - a wand of paralysis (17)
 G - a wand of roots (4)
 K - a wand of polymorph (11)
 M - a wand of light (6)
Scrolls
 f - 5 scrolls of amnesia
 k - 2 scrolls of enchant weapon {unknown}
 l - 2 scrolls of blinking
 m - 2 scrolls of fear {unknown}
 o - 2 scrolls of enchant armour {unknown}
 s - 4 scrolls of poison {unknown}
 t - a scroll of vulnerability {unknown}
 u - a scroll of revelation {unknown}
 w - 2 scrolls of teleportation
 y - a scroll of brand weapon {unknown}
 E - a scroll of noise {unknown}
Potions
 a - 2 potions of lignification
 d - a potion of enlightenment
 h - a potion of berserk rage
 j - 2 potions of cancellation
 q - 3 potions of might
 A - a potion of experience {unknown}
 C - 2 potions of haste
 J - a potion of invisibility {unknown}
 L - 2 potions of brilliance
Miscellaneous
 g - a phantom mirror
 N - a phial of floods


   Skills:
 + Level 8.8 Fighting
 + Level 4.5 Dodging
 * Level 12.1 Unarmed Combat
 + Level 8.0 Invocations
 + Level 1.4 Evocations
 + Level 7.7 Shapeshifting


You had 11 spell levels left.
You didn't know any spells.
Your spell library contained the following spells:

 Spells                   Type           Power      Damage    Failure   Level
 Slow                     Hex            0%         N/A       13%         1
 Ensorcelled Hibernation  Hex/Ice        0%         N/A       21%         2
 Passwall                 Tmut/Erth      0%         N/A       21%         2
 Call Canine Familiar     Summ           0%         N/A       36%         3
 Confusing Touch          Hex            0%         N/A       36%         3
 Gell's Gravitas          Tloc           0%         N/A       36%         3
 Portal Projectile        Hex/Tloc       0%         N/A       36%         3
 Swiftness                Air            0%         N/A       36%         3
 Vampiric Draining        Necr           0%         2d6       36%         3
 Cause Fear               Hex            0%         N/A       75%         4
 Leda's Liquefaction      Hex/Erth       0%         N/A       75%         4


Dungeon Overview and Level Annotations

Branches:
Dungeon (10/15)            Temple (1/1) D:5          Bailey (1/1)
   Lair: D:8-11         Orc: D:9-12

Altars:
Ashenzari
Cheibriados
Dithmenos
Elyvilon
Fedhas
Gozag
Hepliaklqana
Kikubaaqudgha
Makhleb
Nemelex Xobeh
Okawaru
Qazlal
Ru
Sif Muna
Trog
Uskayaw
Vehumet
Wu Jian
Xom
Yredelemnul
Zin
The Shining One

Shops:
D:3 !   D:4 !   D:6 ?   D:7 (

Annotations:
Bailey 2 runed translucent doors


Innate Abilities, Weirdness & Mutations

You are an enormous anaconda.
You have a powerful constriction melee attack.
Your armour is entirely melded.
You are incapable of wielding weapons or throwing items.
You cannot wear most types of armour.
You are amphibious.
You can wear up to eight rings at the same time.
((Your skin changes colour to match your surroundings (Stealth+).))
((Your rubbery body absorbs attacks. (AC +1, EV +1)))
((You are camouflaged when in or above water. (Stealth+)))
((You have tentacles for arms and can constrict up to eight enemies at once.))


Message History

An orc comes into view. It is wielding a +0 trident.
The deep elf pyromancer shouts!
An orc knight comes into view. It is wielding a +0 glaive.
An orc comes into view. It is wielding a +0 spear.
Found nine items.
An orc warrior comes into view. It is wielding a +0 glaive.
The orc warrior moves out of view.
The orc warrior shouts!
There is a large open door here.
An orc is nearby!
The orc hits you with a +0 trident!
You lash the orc!
You kill the orc!
There is a large open door here.
The orc warrior hits you from afar with a +0 glaive.
The orc knight roars a battlecry!
The orcs go into a battle-frenzy!
Things that are here:
a +0 glaive; a +0 scale mail You enter the deep water.
The orc hits you from afar with a +0 trident!
The orc warrior hits you from afar with a +0 glaive!
The orc barely misses you.
The orc warrior hits you with a +0 glaive!
You lash the orc warrior! You grab the orc warrior.
The orc warrior is heavily wounded.
You constrict the orc warrior. The orc barely misses you.
The orc warrior hits you with a +0 glaive.
You hit the orc warrior.
The orc warrior is severely wounded.
You constrict the orc warrior. The orc hits you with a +0 trident.
The orc warrior hits you with a +0 glaive!
* * * LOW HITPOINT WARNING * * *
You can now pass through a line of other dancers.
You release your grip on the orc warrior.
The orc attacks as you move away! The orc hits you but does no damage.
The orc hits you from afar with a +0 trident.
* * * LOW HITPOINT WARNING * * *
The orc warrior hits you from afar with a +0 glaive!
You die...

##..........##
###............#
♣♣............♣.#
#♣..♣.♣.......♣♣.###
#≈≈................♣♣
#≈≈≈....#....#......♣♣
#≈≈≈≈≈≈≈#....#≈≈≈≈...♣
#≈≈≈≈≈≈≈#....#≈≈≈≈≈≈.♣
#≈≈≈≈≈S≈#....#≈≈≈≈≈≈≈♣♣
#♣♣≈≈≈≈≈#....#≈≈≈≈≈≈≈≈≈
♣♣♣.oo#....#...≈≈≈≈≈≈
♣....♣............≈≈≈≈
#...................≈≈≈
#..####........####..≈≈
##. .####''####..#♣♣♣♣
# ..............#
#...8....8)..##


You could see an orc warrior (strong) and an orc (strong).

Vanquished Creatures
  3 two-headed ogres (D:9)
  Erica (D:8)
  Pikel (D:9)
  Maurice (D:8)
  Joseph (D:7)
  Maggie (D:9)
  Psyche (D:9)
  A kobold demonologist (D:10)
  A komodo dragon (D:10)
  A hornet (D:9)
  Sigmund (D:3)
  A wraith (D:10)
  A shadow (D:9)
  A vampire (D:8)
  2 steam dragons
  2 wyverns
  Eustachio (D:4)
  Grum (D:9)
  15 yaks
  A water moccasin (D:4)
  2 orc warriors
  2 black bears (D:6)
  A sky beast (D:7)
  2 ice beasts (D:5)
  4 wolves (D:9)
  2 ogres
  3 centaurs
  2 kobold brigands
  2 lemures (D:9)
  2 phantoms
  3 bullfrogs
  2 gnoll sergeants (D:8)
  5 scorpions
  3 wights (D:7)
  26 killer bees
  7 hounds
  Crazy Yiuf (D:3)
  3 jellies
  7 orc priests
  9 orc wizards
  12 gnolls
  6 adders
  3 shadow imps
  3 white imps
  2 ufetubi (D:6)
  2 dart slugs
  27 orcs
  7 ball pythons
  10 endoplasms
  5 giant cockroaches
  7 hobgoblins
  2 jackals (D:4)
  19 kobolds
  3 quokkas
  8 bats
  4 frilled lizards
  5 goblins
  5 rats
256 creatures vanquished.

Notes
Turn   | Place    | Note
-------+----------+-------------------------------------------
     0 | D:1      | LustLizard the Octopode Shapeshifter began the quest for
                  | the Orb.
     0 | D:1      | Reached XP level 1. HP: 14/14 MP: 1/1
    97 | D:1      | Reached XP level 2. HP: 19/19 MP: 2/2
   272 | D:1      | Got the Thoughts on Twisted Imprecation
   293 | D:1      | Reached XP level 3. HP: 22/25 MP: 3/3
   384 | D:1      | Reached skill level 3 in Unarmed Combat
   975 | D:2      | Reached XP level 4. HP: 30/30 MP: 4/4
  1304 | D:2      | Found a radiant altar of Vehumet.
  1478 | D:3      | Found Plog's Distillery.
  1519 | D:3      | Found a faded altar of an unknown god.
  2009 | D:3      | Noticed Sigmund
  2019 | D:3      | Killed Sigmund
  2020 | D:3      | Reached skill level 4 in Unarmed Combat
  2020 | D:3      | Reached XP level 5. HP: 28/36 MP: 5/5
  2020 | D:3      | Reached XP level 6. HP: 33/42 MP: 6/6
  2188 | D:3      | Found a runed translucent door.
  2189 | D:3      | Noticed Crazy Yiuf
  2647 | D:4      | Noticed Eustachio
  2665 | D:4      | Killed Eustachio
  2666 | D:4      | Reached skill level 5 in Unarmed Combat
  2666 | D:4      | Reached XP level 7. HP: 34/47 MP: 7/7
  2907 | D:4      | Found Rump's Distillery.
  2996 | D:4      | Noticed a steam dragon
  3156 | D:5      | Entered Level 5 of the Dungeon
  3336 | D:5      | Found a staircase to the Ecumenical Temple.
  3343 | D:5      | Reached skill level 6 in Unarmed Combat
  3346 | Temple   | Entered the Ecumenical Temple
  3353 | Temple   | Became a worshipper of Uskayaw the Reveller
  3400 | D:5      | Reached * piety under Uskayaw
  3552 | D:5      | Reached ** piety under Uskayaw
  3555 | D:5      | Reached skill level 1 in Invocations
  3614 | D:5      | Reached *** piety under Uskayaw
  3616 | D:5      | Reached XP level 8. HP: 44/54 MP: 7/9
  3625 | D:5      | Reached **** piety under Uskayaw
  3628 | D:5      | Reached ***** piety under Uskayaw
  3765 | D:5      | Reached skill level 5 in Fighting
  4147 | D:6      | Reached skill level 7 in Unarmed Combat
  4147 | D:6      | Reached skill level 5 in Shapeshifting
  4400 | D:6      | Paralysed by a kobold brigand for 5 turns
  4578 | D:6      | You fall into a shaft and drop 2 floors!
  4666 | D:8      | Noticed Erica
  4976 | D:7      | Noticed Joseph
  4988 | D:7      | Killed Joseph
  4989 | D:7      | Reached skill level 8 in Unarmed Combat
  4989 | D:7      | Reached XP level 9. HP: 22/62 MP: 11/11
  5237 | D:7      | Found Idyor's Weapon Emporium.
  5376 | D:6      | Found Raagarax's Magic Scroll Boutique.
  5382 | D:6      | Bought a scroll of teleportation for 42 gold pieces
  5824 | D:6      | Found a sparkling altar of Nemelex Xobeh.
  6504 | D:7      | Reached skill level 9 in Unarmed Combat
  6641 | D:7      | Reached skill level 5 in Invocations
  6802 | D:7      | Reached XP level 10. HP: 59/69 MP: 13/13
  7333 | D:8      | Noticed Maurice
  7517 | D:3      | Killed Crazy Yiuf
  7865 | D:8      | Killed Maurice
  8198 | D:8      | Reached skill level 10 in Unarmed Combat
  8973 | D:8      | HP: 2/65 [Erica/+2 scimitar of flaming (7)]
  8974 | D:8      | Killed Erica
  9182 | D:8      | Found an ancient bone altar of Kikubaaqudgha.
  9187 | D:8      | Found a glowing golden altar of the Shining One.
  9371 | D:9      | Noticed a two-headed ogre
  9606 | D:9      | Noticed Maggie
  9622 | D:9      | Killed Maggie
  9704 | D:9      | Reached XP level 11. HP: 74/77 MP: 16/16
  9737 | D:9      | Noticed a two-headed ogre
  9757 | D:9      | Reached skill level 11 in Unarmed Combat
  9760 | D:9      | HP: 2/74 [two-headed ogre/+0 giant spiked club (9)]
  9761 | D:9      | Killed a two-headed ogre
  9811 | D:9      | Noticed a two-headed ogre
 10029 | D:9      | Noticed Grum
 10041 | D:9      | Killed Grum
 10051 | D:9      | HP: 3/76 [poisoned by Grum]
 10388 | D:9      | Killed a two-headed ogre
 10540 | D:9      | Noticed Pikel
 10550 | D:9      | Killed Pikel
 10686 | D:9      | Noticed Psyche
 10691 | D:9      | Killed Psyche
 11702 | D:9      | Killed a two-headed ogre
 11726 | D:10     | Entered Level 10 of the Dungeon
 11976 | D:10     | Reached skill level 12 in Unarmed Combat
 12010 | D:10     | Identified the ring of Ubol {Wiz Dex+3}
 12183 | D:10     | Found a flagged portal.
 12191 | D:10     | Reached skill level 1 in Evocations
 12194 | D:10     | Reached XP level 12. HP: 49/84 MP: 16/18
 12206 | Bailey   | Entered a bailey
 12400 | Bailey   | Found a large runed translucent door.
 12400 | Bailey   | Found a large runed translucent door.
 12440 | Bailey   | Slain by an orc warrior

Illustrated notes

Levels and vault maps discovered:
D:1:      minmay_arrival_semitransparent, layout_rooms
D:2:      layout_basic, basic_altar
D:3:      minmay_angry_zag, layout_basic, serial_shops, shop,
          ebering_ecumenical_altar_rust, wander_ebering_terrifying_dragon_lair,
          uniq_sigmund, uniq_crazy_yiuf_cottage
D:4:      layout_cave_pools, serial_shops, shop, serial_column_ruins,
          column_ruins_open_small, column_ruins_grid_1, column_ruins_open_small,
          column_ruins_open_small, minmay_manual_moon, uniq_eustachio
D:5:      layout_rooms, minmay_temple_entry_overgrown
D:6:      layout_basic, overflow_temple_1_default, serial_shops, shop
D:7:      layout_basic, serial_shops, nicolae_shop_just_a_little_nook,
          uniq_joseph
D:8:      layout_loops_ring, mainiacjoe_overflow_big_doors, minivault_22,
          uniq_erica, uniq_maurice
D:9:      layout_loops_corners, chequers_garden, grunt_ministairs_2,
          hangedman_glass_teeth, kennysheep_crisscross, uniq_grum, uniq_pikel,
          uniq_maggie, uniq_psyche
D:10:     layout_grid_maze, enter_bailey_2, nicolae_nh_ransacked_shop
Temple:   hellmonk_temple_of_storms
Bailey:   bailey_polearm_elven_captive_hellmonk, bailey

Skill      XL: |  1  2  3  4  5  6  7  8  9 10 11 |
---------------+----------------------------------+-----
Unarmed Combat | 3 4 5 6 8 9 10 12 | 12.1
Fighting       | 3 4 5 6 7 8 |  8.8
Shapeshifting  | 4 5 6 7 |  7.7
Invocations    | 1 3 5 6 8 |  8.0
Dodging        | 4 |  4.5
Evocations     | 1 |  1.4

Action                     |  1- 3 |  4- 6 |  7- 9 | 10-12 || total
---------------------------+-------+-------+-------+-------++-------
  Melee: Unarmed           |    66 |    55 |   208 |   199 ||   528
         Constrict         |    18 |    16 |    45 |    52 ||   131
         Tentacles         |     8 |    13 |    43 |       ||    64
         Punch             |       |     2 |     7 |       ||     9
  Throw: Dart              |       |       |     3 |       ||     3
 Invoke: Stomp             |       |       |       |     2 ||     2
  Evoke: Wand              |       |       |       |     4 ||     4
    Use: Scroll            |       |     3 |     4 |     6 ||    13
         Potion            |       |       |     2 |     2 ||     4
   Stab: Sleeping          |     2 |     3 |     3 |       ||     8
         Paralysed         |       |       |     5 |    13 ||    18
         Distracted        |       |       |     1 |       ||     1
 Armour: Skin              |     9 |     2 |    18 |    51 ||    80
  Dodge: Dodged            |    46 |    25 |    93 |    89 ||   253
   Form: Anaconda          |       |       |     1 |       ||     1

Table legend: (Time is in decaauts)
 A = Elapsed time spent in this place.
 B = Non-inter-level travel time spent in this place.
 C = Inter-level travel time spent in this place.
 D = Time resting spent in this place.
 E = Time spent auto-exploring this place.
 F = Levels seen in this place.
 G = Mean time per level.
                   A        B        C        D        E       F      G
               +--------+--------+--------+--------+--------+-----+--------+
         Total |  12379 |  11759 |    620 |   2471 |   7040 |  12 | 1031.6 |
       Dungeon |  12129 |  11521 |    608 |   2446 |   6892 |  10 | 1212.9 |
        Temple |     17 |      5 |     12 |      0 |      0 |   1 |   17.0 |
        Bailey |    232 |    232 |      0 |     25 |    148 |   1 |  232.0 |
               +--------+--------+--------+--------+--------+-----+--------+

Top non-repeatable levels by time:
     D:9: 2315 daAuts
     D:8: 1935 daAuts
     D:7: 1446 daAuts
     D:6: 1414 daAuts
     D:3: 1137 daAuts
     D:4: 1018 daAuts
     D:2: 1013 daAuts
     D:5: 797 daAuts
     D:1: 573 daAuts
    D:10: 476 daAuts
  Bailey: 232 daAuts
  Temple: 17 daAuts
